 Dungeon Crawl Stone Soup version 0.29-a0-356-g7bc237e783 (webtiles) character file.

Game seed: 7800446758755225847

126 spaghetti the Quickloader (level 5, -1/40 HPs)
             Began as a Gnoll Wanderer on Apr 25, 2022.
             Slain by an orc
             ... wielding a +0 war axe of flaming
              (2 damage)
             ... on level 2 of the Dungeon.
             The game lasted 00:11:22 (2400 turns).

spaghetti the Quickloader (Gnoll Wanderer)          Turns: 2400, Time: 00:11:23

Health: -1/40      AC:  9    Str: 15    XL:     5   Next: 10%
Magic:  9/9        EV:  9    Int: 12    God:
Gold:   116        SH:  0    Dex:  9    Spells: 9/10 levels left

rFire   . . .      SeeInvis .   a - +0 hand crossbow (vorpal) {crossbow}
rCold   . . .      Faith    .   (no shield)
rNeg    . . .      Spirit   .   b - +0 scale mail
rPois   .          Reflect  .   (no helmet)
rElec   .          Harm     .   j - +1 cloak
rCorr   .          Rampage  .   (no gloves)
Will    .....                   (no boots)
Stlth   +.........              (no amulet)
HPRegen 0.13/turn               (no ring)
MPRegen 0.11/turn               (no ring)

@: no status effects
A: fangs 1, strong nose, distributed training
a: no special abilities


You were on level 2 of the Dungeon.
You visited 1 branch of the dungeon, and saw 3 of its levels.

You collected 116 gold pieces.


Innate Abilities, Weirdness & Mutations

You have very sharp teeth.
Your uncanny sense of smell can sniff out nearby items.
Your experience applies equally to all skills.


   Skills:
 + Level 2.9 Fighting
 + Level 1.3 Short Blades
 + Level 1.3 Long Blades
 + Level 1.3 Axes
 + Level 1.3 Maces & Flails
 + Level 1.3 Polearms
 + Level 1.3 Staves
 + Level 1.3 Slings
 + Level 1.3 Bows
 + Level 8.6 Crossbows
 + Level 1.3 Throwing
 + Level 4.7 Armour
 + Level 1.3 Dodging
 + Level 2.7 Stealth
 + Level 1.3 Shields
 + Level 1.3 Unarmed Combat
 + Level 3.1 Spellcasting
 + Level 1.1 Conjurations
 + Level 1.1 Hexes
 + Level 2.3 Summonings
 + Level 1.1 Necromancy
 + Level 1.1 Translocations
 + Level 1.1 Transmutations
 + Level 1.1 Fire Magic
 + Level 1.1 Ice Magic
 + Level 1.1 Air Magic
 + Level 1.1 Earth Magic
 + Level 1.1 Poison Magic
 + Level 1.5 Invocations
 + Level 1.3 Evocations


You had 9 spell levels left.
You knew the following spells:

 Your Spells              Type           Power      Damage    Failure   Level
a - Summon Small Mammal   Summ           28%        N/A       32%         1

Your spell library contained the following spells:

 Spells                   Type           Power      Damage    Failure   Level
 Ensorcelled Hibernation  Hex/Ice        8%         N/A       63%         2
 Passwall                 Tmut/Erth      3%         N/A       63%         2
 Summon Guardian Golem    Hex/Summ       6%         N/A       77%         3
 Swiftness                Air            4%         N/A       86%         3

Inventory:

Hand Weapons
 a - a +0 vorpal hand crossbow (weapon) {crossbow}
 p - a +0 dagger {short}
   (You took it off an orc on level 3 of the Dungeon)
 r - a +0 dagger {short}
   (You took it off an orc wizard on level 3 of the Dungeon)
 s - a +0 war axe {axe}
   (You took it off an orc on level 3 of the Dungeon)
 t - a +0 mace of freezing {mace}
   (You took it off an orc on level 3 of the Dungeon)
Missiles
 g - 36 stones {throwing}
 q - a boomerang {throwing}
Armour
 b - a +0 scale mail (worn)
 j - a +1 cloak (worn)
   (You found it on level 1 of the Dungeon)
Jewellery
 k - a ring of see invisible
   (You found it on level 1 of the Dungeon)
Scrolls
 c - a scroll of vulnerability {!r!r}
 f - 4 scrolls of identify {@r1}
Potions
 d - 2 potions of attraction {!q}

Dungeon Overview and Level Annotations

Branches:
Dungeon (3/15)

Altars:

Annotations:
D:2 1 runed translucent door, Crazy Yiuf

#..##...# #.## ###.
#############....### #.# ##...
#.........# ####)## #.# #..##
###.......# ##...##### #.#
#.### ####......#
##..#.....###.###.# #
..........###..######..##.##..#
# ####.)....).#.### #.###.##.##
# #.........§§§#####.....##># #
#......##.§§§@.<.#.....##.# # #
##.######.#§o#§........##.# #
## #..# #.##§#.#.......##.# #
.###.## ###.§§§§§#...######.# #
..##.#####...§§.§§...## #.# #
.............#[.§.##.#######.##
#
..##.....#...#.#####...#......#
# .....#####.###.# ###........#
# ...######..###.# ###......# #


You could see an orc.


Message History

The orc attacks as you move away! The orc closely misses you. 😮 HP[+1]
The orc attacks as you move away! The orc closely misses you.
The orc attacks as you move away! The orc closely misses you. 😮 HP[+1]
There is a stone staircase leading up here.
The orc barely misses you.
You climb upwards.
Level annotation: 1 runed translucent door, Crazy Yiuf
There is a stone staircase leading down here.
Shoot: a) +0 hand crossbow (vorpal) {crossbow}
Press: ? - help, Q - select action, (/) - cycle Shift-Dir - straight line, f - orc
Aim: an orc, wielding a +0 war axe of flaming and wearing the +18 Lear's hauberk (lightly wounded, 69% to hit)
You shoot a bolt.
The bolt hits the orc but does no damage.
The orc closely misses you.
Shoot: a) +0 hand crossbow (vorpal) {crossbow}
Press: ? - help, Q - select action, (/) - cycle Shift-Dir - straight line, f/p - orc
Aim: an orc, wielding a +0 war axe of flaming and wearing the +18 Lear's hauberk (lightly wounded, 69% to hit)
You shoot a bolt. The bolt closely misses the orc.
The orc hits you with a +0 war axe of flaming.
The orc burns you. The orc barely misses you. 😮 HP[-2]
You take 2 damage, and now have 27/40 hp.
Shoot: a) +0 hand crossbow (vorpal) {crossbow}
Press: ? - help, Q - select action, (/) - cycle Shift-Dir - straight line, f/p - orc
Aim: an orc, wielding a +0 war axe of flaming and wearing the +18 Lear's hauberk (lightly wounded, 69% to hit)
You shoot a bolt.
The bolt hits the orc but does no damage.
The orc barely misses you. 😮 HP[+1] Shoot: a) +0 hand crossbow (vorpal) {crossbow}
Press: ? - help, Q - select action, (/) - cycle Shift-Dir - straight line, f/p - orc
Aim: an orc, wielding a +0 war axe of flaming and wearing the +18 Lear's hauberk (lightly wounded, 69% to hit)
You shoot a bolt.
The bolt hits the orc but does no damage.
The orc hits you but does no damage.
Shoot: a) +0 hand crossbow (vorpal) {crossbow}
Press: ? - help, Q - select action, (/) - cycle Shift-Dir - straight line, f/p - orc
Aim: an orc, wielding a +0 war axe of flaming and wearing the +18 Lear's hauberk (lightly wounded, 69% to hit)
You shoot a bolt. The bolt hits the orc.
The orc hits you with a +0 war axe of flaming.
The orc burns you. 😮 HP[-7]
You take 7 damage, and now have 21/40 hp.
Shoot: a) +0 hand crossbow (vorpal) {crossbow}
Press: ? - help, Q - select action, (/) - cycle Shift-Dir - straight line, f/p - orc
Aim: an orc, wielding a +0 war axe of flaming and wearing the +18 Lear's hauberk (heavily wounded, 69% to hit)
You shoot a bolt.
The bolt hits the orc but does no damage.
The orc hits you with a +0 war axe of flaming.
* * * LOW HITPOINT WARNING * * *
The orc burns you.
* * * LOW HITPOINT WARNING * * *
The orc hits you with a +0 war axe of flaming!
* * * LOW HITPOINT WARNING * * *
The orc burns you.
* * * LOW HITPOINT WARNING * * *
😱 HP[-13]
You take 13 damage, and now have 8/40 hp.
MASSIVE DAMAGE!! (PAUSE)
The orc attacks as you move away! The orc closely misses you.
You see here a +0 club {mace}. 😱 HP[+1]
As you read the scroll labelled BUOXEOF DAFYMUSKEM, it crumbles to dust.
It is a scroll of brand weapon.
Your +0 mace {mace} is covered with a thin layer of ice!
t - a +0 mace of freezing {mace} The orc hits you but does no damage.
The orc attacks as you move away! The orc closely misses you.
The orc attacks as you move away! The orc closely misses you. 😱 HP[+1]
The orc attacks as you move away! The orc hits you but does no damage.
The orc attacks as you move away! The orc closely misses you. 😨 HP[+1]
The orc attacks as you move away!
The orc hits you with a +0 war axe of flaming.
* * * LOW HITPOINT WARNING * * *
The orc burns you.
* * * LOW HITPOINT WARNING * * *
😱 HP[-3]
You take 3 damage, and now have 8/40 hp.
The orc attacks as you move away! The orc hits you but does no damage.
The orc attacks as you move away! The orc closely misses you. 😱 HP[+1]
The orc attacks as you move away! The orc hits you but does no damage.
As you read the scroll labelled CEOSHR TIBEORO, it crumbles to dust.
The scroll dissolves into smoke.
It was a scroll of fog.
The orc hits you but does no damage.
As you read the scroll labelled MACLIG COEDD, it crumbles to dust.
You feel aware of your surroundings.
It was a scroll of magic mapping.
The orc misses you. The orc attacks as you move away!
The orc barely misses you.
As you read the scroll labelled ULIDIC WOFENOHY, it crumbles to dust.
It is a scroll of enchant armour.
Your +0 cloak glows green for a moment.
The orc hits you with a +0 war axe of flaming!
* * * LOW HITPOINT WARNING * * *
The orc burns you.
You die...

Skill      XL: |  1  2  3  4 |
---------------+-------------+-----
Summonings     | 2 |  2.3
Invocations    | 1 |  1.5
Short Blades   | 1 |  1.3
Long Blades    | 1 |  1.3
Axes           | 1 |  1.3
Maces & Flails | 1 |  1.3
Polearms       | 1 |  1.3
Staves         | 1 |  1.3
Slings         | 1 |  1.3
Bows           | 1 |  1.3
Throwing       | 1 |  1.3
Dodging        | 1 |  1.3
Shields        | 1 |  1.3
Unarmed Combat | 1 |  1.3
Evocations     | 1 |  1.3
Spellcasting   | 3 |  3.1
Conjurations   | 1 |  1.1
Hexes          | 1 |  1.1
Necromancy     | 1 |  1.1
Translocations | 1 |  1.1
Transmutations | 1 |  1.1
Fire Magic     | 1 |  1.1
Ice Magic      | 1 |  1.1
Air Magic      | 1 |  1.1
Earth Magic    | 1 |  1.1
Poison Magic   | 1 |  1.1
Fighting       | |  2.9
Crossbows      | |  8.6
Armour         | |  4.7
Stealth        | |  2.7

Action                   |  1- 3 |  4- 6 || total
-------------------------+-------+-------++-------
Melee: Unarmed           |       |     3 ||     3
       Punch             |       |     1 ||     1
 Fire: Hand crossbow     |   110 |    58 ||   168
 Cast: Summon Small Mamm |     2 |       ||     2
  Use: Potion            |       |     3 ||     3
       Scroll            |       |     6 ||     6
Armor: Scale mail        |    29 |    26 ||    55
Dodge: Dodged            |    34 |    43 ||    77

Levels and vault maps discovered:
D:1:      wander_arrival_estate, layout_basic, item_on_display_a
D:2:      layout_rooms, serial_corexii_hall, corexii_hall_statues_u,
          corexii_hall_statues_s, hellmonk_ecumenical_altar_watching_god,
          uniq_crazy_yiuf_cottage
D:3:      layout_basic, serial_curves, eino_curves_03, eino_curves_04,
          chequers_big_river, corexii_item_surrounded_by_moat

Notes
Turn   | Place    | Note
-------+----------+-------------------------------------------
     0 | D:1      | spaghetti the Gnoll Wanderer began the quest for the Orb.
     0 | D:1      | spaghetti set off with the following items: a +0 vorpal
                  | hand crossbow {crossbow}, a +0 scale mail, a scroll of
                  | vulnerability {!r!r}; and the following spell memorised:
                  | Summon Small Mammal; and the following spells available to
                  | memorise: Summon Guardian Golem
     0 | D:1      | Reached XP level 1. HP: 17/17 MP: 4/4
     0 | D:1      | magus.rc [v1.9.6]
    56 | D:1      | Reached skill level 2 in Summonings
   124 | D:1      | Reached XP level 2. HP: 23/23 MP: 5/5
   374 | D:1      | magus.rc [v1.9.6]
   391 | D:1      | Reached XP level 3. HP: 19/28 MP: 7/7
   666 | D:1      | Reached skill level 1 in Invocations
   818 | D:2      | Reached skill level 1 in Short Blades
   818 | D:2      | Reached skill level 1 in Long Blades
   818 | D:2      | Reached skill level 1 in Axes
   818 | D:2      | Reached skill level 1 in Maces & Flails
   818 | D:2      | Reached skill level 1 in Polearms
   818 | D:2      | Reached skill level 1 in Staves
   818 | D:2      | Reached skill level 1 in Slings
   818 | D:2      | Reached skill level 1 in Bows
   818 | D:2      | Reached skill level 1 in Throwing
   818 | D:2      | Reached skill level 1 in Dodging
   818 | D:2      | Reached skill level 1 in Shields
   818 | D:2      | Reached skill level 1 in Unarmed Combat
   818 | D:2      | Reached skill level 1 in Evocations
   890 | D:2      | Noticed a shining eye
   893 | D:2      | Found a faded altar of an unknown god.
   895 | D:2      | Noticed an eye of devastation
   895 | D:2      | Noticed a great orb of eyes
   895 | D:2      | Noticed an eye of devastation
  1078 | D:2      | Reached XP level 4. HP: 34/34 MP: 8/8
  1236 | D:2      | You pick up a book of Burglary and begin reading...
  1236 | D:2      | You add the spells Passwall, Ensorcelled Hibernation and
                  | Swiftness to your library.
  1331 | D:2      | Found a runed translucent door.
  1332 | D:2      | Noticed Crazy Yiuf
  1375 | D:2      | Reached skill level 3 in Spellcasting
  1708 | D:3      | Reached skill level 1 in Conjurations
  1708 | D:3      | Reached skill level 1 in Hexes
  1708 | D:3      | Reached skill level 1 in Necromancy
  1708 | D:3      | Reached skill level 1 in Translocations
  1708 | D:3      | Reached skill level 1 in Transmutations
  1708 | D:3      | Reached skill level 1 in Fire Magic
  1708 | D:3      | Reached skill level 1 in Ice Magic
  1708 | D:3      | Reached skill level 1 in Air Magic
  1708 | D:3      | Reached skill level 1 in Earth Magic
  1708 | D:3      | Reached skill level 1 in Poison Magic
  2026 | D:3      | an orc comes into view. It is wielding a +0 war axe of
                  | flaming and wearing the +18 Lear's hauberk.
  2027 | D:3      | Aim: an orc, wielding a +0 war axe of flaming and wearing
                  | the +18 Lear's hauberk (69% to hit)
  2027 | D:3      | Aim: an orc, wielding a +0 war axe of flaming and wearing
                  | the +18 Lear's hauberk (69% to hit)
  2042 | D:3      | Reached XP level 5. HP: 36/40 MP: 9/9
  2301 | D:3      | Aim: an orc, wielding a +0 war axe of flaming and wearing
                  | the +18 Lear's hauberk (69% to hit)
  2301 | D:3      | Aim: an orc, wielding a +0 war axe of flaming and wearing
                  | the +18 Lear's hauberk (69% to hit)
  2302 | D:3      | Aim: an orc, wielding a +0 war axe of flaming and wearing
                  | the +18 Lear's hauberk (69% to hit)
  2302 | D:3      | Aim: an orc, wielding a +0 war axe of flaming and wearing
                  | the +18 Lear's hauberk (69% to hit)
  2303 | D:3      | Aim: an orc, wielding a +0 war axe of flaming and wearing
                  | the +18 Lear's hauberk (moderately wounded, 69% to hit)
  2303 | D:3      | Aim: an orc, wielding a +0 war axe of flaming and wearing
                  | the +18 Lear's hauberk (moderately wounded, 69% to hit)
  2304 | D:3      | Aim: an orc, wielding a +0 war axe of flaming and wearing
                  | the +18 Lear's hauberk (moderately wounded, 69% to hit)
  2304 | D:3      | Aim: an orc, wielding a +0 war axe of flaming and wearing
                  | the +18 Lear's hauberk (moderately wounded, 69% to hit)
  2362 | D:2      | Aim: an orc, wielding a +0 war axe of flaming and wearing
                  | the +18 Lear's hauberk (lightly wounded, 69% to hit)
  2362 | D:2      | Aim: an orc, wielding a +0 war axe of flaming and wearing
                  | the +18 Lear's hauberk (lightly wounded, 69% to hit)
  2363 | D:2      | Aim: an orc, wielding a +0 war axe of flaming and wearing
                  | the +18 Lear's hauberk (lightly wounded, 69% to hit)
  2363 | D:2      | Aim: an orc, wielding a +0 war axe of flaming and wearing
                  | the +18 Lear's hauberk (lightly wounded, 69% to hit)
  2364 | D:2      | Aim: an orc, wielding a +0 war axe of flaming and wearing
                  | the +18 Lear's hauberk (lightly wounded, 69% to hit)
  2364 | D:2      | Aim: an orc, wielding a +0 war axe of flaming and wearing
                  | the +18 Lear's hauberk (lightly wounded, 69% to hit)
  2365 | D:2      | Aim: an orc, wielding a +0 war axe of flaming and wearing
                  | the +18 Lear's hauberk (lightly wounded, 69% to hit)
  2365 | D:2      | Aim: an orc, wielding a +0 war axe of flaming and wearing
                  | the +18 Lear's hauberk (lightly wounded, 69% to hit)
  2366 | D:2      | Aim: an orc, wielding a +0 war axe of flaming and wearing
                  | the +18 Lear's hauberk (lightly wounded, 69% to hit)
  2366 | D:2      | Aim: an orc, wielding a +0 war axe of flaming and wearing
                  | the +18 Lear's hauberk (lightly wounded, 69% to hit)
  2367 | D:2      | Aim: an orc, wielding a +0 war axe of flaming and wearing
                  | the +18 Lear's hauberk (heavily wounded, 69% to hit)
  2367 | D:2      | Aim: an orc, wielding a +0 war axe of flaming and wearing
                  | the +18 Lear's hauberk (heavily wounded, 69% to hit)
  2367 | D:2      | HP: 9/40 [orc/+0 war axe of flaming (7)]
  2391 | D:2      | HP: 9/40 [orc/+0 war axe of flaming (2)]
  2400 | D:2      | HP: 1/40 [orc/+0 war axe of flaming (8)]
  2400 | D:2      | Slain by an orc

Vanquished Creatures
  An orc wizard (D:3)
  4 adders
  A dart slug (D:1)
  3 orcs (D:3)
  4 bats (D:1)
  An endoplasm (D:1)
  7 goblins
  5 hobgoblins
  4 jackals (D:1)
  2 quokkas (D:1)
  4 ball pythons (D:1)
  3 frilled lizards (D:1)
  4 kobolds
  5 rats
48 creatures vanquished.

Vanquished Creatures (others)
  An orc wizard (D:3)
1 creature vanquished.

Grand Total: 49 creatures vanquished

Table legend:
 A = Non-vault XP
 B = Vault XP
 C = Vault XP percentage of total XP
 D = Non-vault monster count
 E = Vault monster count
 F = Vault count percentage of total count
                 A         B        C        D         E       F
            +---------+---------+-------+---------+---------+-------
      Total |     181 |       0 |   0.0 |      49 |       0 |   0.0
            +---------+---------+-------+---------+---------+-------
        D:1 |      54 |       0 |   0.0 |      32 |       0 |   0.0
        D:2 |      48 |       0 |   0.0 |       9 |       0 |   0.0
        D:3 |      79 |       0 |   0.0 |       8 |       0 |   0.0
            +---------+---------+-------+---------+---------+-------

Illustrated notes

Table legend:
 A = Kills in this place as a percentage of kills in entire the game.
 B = Kills by you in this place as a percentage of kills by you in the entire game.
 C = Kills by friends in this place as a percentage of kills by friends in the entire game.
 D = Other kills in this place as a percentage of other kills in the entire game.
 E = Experience gained in this place as a percentage of experience gained in the entire game.
 F = Experience gained in this place divided by the number of levels of this place that you have seen.
                   A       B       C       D       E      F
               +-------+-------+-------+-------+-------+----------------------
         Total | 100.0 | 100.0 |   N/A | 100.0 | 100.0 |  60.3
       Dungeon | 100.0 | 100.0 |   N/A | 100.0 | 100.0 |  60.3
               +-------+-------+-------+-------+-------+----------------------

Table legend: (Time is in decaauts)
 A = Elapsed time spent in this place.
 B = Non-inter-level travel time spent in this place.
 C = Inter-level travel time spent in this place.
 D = Time resting spent in this place.
 E = Time spent auto-exploring this place.
 F = Levels seen in this place.
 G = Mean time per level.
                   A        B        C        D        E       F      G
               +--------+--------+--------+--------+--------+-----+--------+
         Total |   2447 |   2285 |    162 |    561 |   1280 |   3 |  815.7 |
       Dungeon |   2447 |   2285 |    162 |    561 |   1280 |   3 |  815.7 |
               +--------+--------+--------+--------+--------+-----+--------+

Top non-repeatable levels by time:
     D:2: 1190 daAuts
     D:1: 740 daAuts
     D:3: 516 daAuts
